Map: Dash and Terminal LE (Void)

Players

SticklerMac

  • Race: Terran Terran
  • League: Bronze

RollingRock - Winner!

  • Race: Protoss Protoss
  • League: Bronze

VOD

Have the link to the VOD?

Description

Time

  • Played on: July 28, 2015, 2:40 p.m.
  • Length: 14:28
Show
View Real Time Build Order
Export as new Build Order

SticklerMac Terran 

Build Orders:  

Get SALT Encoding   

  12  0:01  SCV  
  13  0:13  SCV  
  14  0:18  Supply Depot  
  14  0:25  SCV  
  15  0:40  SCV, Barracks  
  16  0:47  Refinery  
  16  0:52  SCV  
  17  1:07  SCV  
  18  1:21  Barracks  
  18  1:24  SCV  
  19  1:30  Marine  
  20  1:34  Supply Depot  
  20  1:36  SCV  
  21  1:49  Barracks Reactor  
  21  2:08  Marine  
  22  2:16  SCV  
  22  2:17  Command Center  
  23  2:29  Factory  
  23  2:43  Marine  
  25  2:48  Barracks Tech Lab  
  23  3:04  Marine  
  23  3:05  Marine  
  25  3:13  Armory  
  25  3:20  Starport  
  25  3:21  Barracks  
  25  3:25  Marine x2  
  29  3:27  Marauder  
  27  3:35  Orbital Command  
  27  3:50  SCV  
  28  3:59  Medivac  
  28  4:02  SCV, Marine x2  
  33  4:08  SCV  
  34  4:10  Refinery  
  34  4:14  SCV  
  34  4:15  Marine  
  36  4:23  Marauder  
  38  4:40  Marine  
  39  4:46  Stimpack  
  39  4:50  SCV x2  
  41  4:54  Marauder  
  41  4:55  Marine x2  
  41  4:58  Marine  
  45  5:17  Medivac  
  45  5:19  Marine, Marauder  
  45  5:20  Marine x2  
  46  5:45  Supply Depot  
  46  5:47  Supply Depot  
  46  5:48  Supply Depot  
  46  6:01  Orbital Command  
  46  6:06  Medivac, Marine x3  
  46  6:07  Marauder  
  53  6:20  Supply Depot x3  
  53  6:24  Marine x3  
  56  6:28  Marauder  
  52  7:05  Marauder, Marine x3  
  57  7:11  Medivac  
  59  7:23  Marine x3  
  59  7:26  Marauder  
  63  7:30  Barracks  
  63  7:33  Barracks  
  63  7:37  SCV  
  63  7:40  Marine  
  63  7:41  Medivac, Marine x2  
  69  7:48  Marauder  
  69  7:49  SCV  
  72  7:58  Marine x2  
  72  7:59  Marine  
  75  8:11  Medivac  
  75  8:12  Marauder  
  79  8:17  Marine  
  79  8:18  Marine x2  
  82  8:32  Marine  
  82  8:33  Marauder, Marine  
  86  8:35  Marine  
  86  8:36  Marine x2  
  89  8:41  Medivac  
  89  8:50  Marine  
  89  8:51  Marine  
  89  8:52  Marine  
  89  8:54  Marine x2  
  89  8:55  Marauder  
  83  9:16  Medivac, Marauder  
  84  9:23  Marine x2  
  84  9:24  Marine x3  
  88  9:37  Marauder  
  90  9:41  Marine x3  
  90  9:42  Marine  
  94  10:15  Supply Depot  
  94  10:16  Supply Depot  
  94  10:17  Supply Depot x2  
  94  10:36  Marauder, Medivac, Marine x4  
  94  10:37  Marine  
  101  10:54  Marine x4  
  101  10:55  Marine  
  101  10:58  Marauder  
  101  11:06  Medivac  
  98  11:12  Marine x4  
  98  11:13  Marine  
  98  11:19  Marauder  
  77  11:31  Marine  
  62  11:40  Marine x5  
  65  11:49  Marine  
  64  11:57  Marine  
  64  11:58  Marine x4  
  61  12:06  Marine  
  59  12:15  Marine x3  
  59  12:16  Marine x2  
  65  12:33  Marine x2  
  46  12:45  Marine x2  
  12  13:29  Orbital Command  
  7  14:06  SCV  
  8  14:14  Command Center  
Show
View Real Time Build Order
Export as new Build Order

RollingRock Protoss - Winner!

Build Orders:  

Get SALT Encoding   

  12  0:01  Probe  
  13  0:14  Pylon  
  13  0:19  Probe  
  14  0:32  Probe (Chrono Boost)  
  15  0:36  Gateway  
  15  0:44  Probe (Chrono Boost)  
  16  0:57  Pylon  
  16  0:58  Probe  
  16  1:03  Assimilator  
  17  1:10  Probe  
  18  1:22  Probe  
  18  1:24  Cybernetics Core  
  18  1:25  Zealot  
  21  1:38  Probe  
  22  1:50  Probe  
  23  2:01  Warp Gate (Chrono Boost)  
  23  2:03  Gateway  
  23  2:07  Probe  
  24  2:09  Assimilator  
  24  2:19  Probe (Chrono Boost)  
  24  2:20  Stalker (Chrono Boost)  
  28  2:31  Probe (Chrono Boost)  
  28  2:36  Pylon  
  27  2:45  Stalker (Chrono Boost)  
  27  2:48  Probe  
  32  3:02  Probe  
  27  3:05  Stalker (Chrono Boost)  
  33  3:10  Gateway  
  33  3:15  Probe  
  33  3:18  Adept  
  36  3:25  Pylon  
  36  3:36  Stalker  
  38  3:43  Probe  
  39  4:02  Probe  
  40  4:05  Nexus  
  40  4:18  Zealot x2  
  40  4:19  Zealot  
  46  4:26  Pylon  
  46  4:31  Pylon  
  46  4:34  Gateway  
  46  4:37  Robotics Facility  
  46  4:44  Probe  
  47  4:58  Probe  
  48  5:05  Stalker  
  48  5:06  Stalker x2  
  46  5:26  Probe  
  47  5:32  Immortal (Chrono Boost)  
  51  5:38  Probe  
  52  5:44  Stalker  
  52  5:45  Stalker x2  
  52  5:48  Probe  
  59  6:02  Twilight Council  
  59  6:03  Probe x2  
  61  6:10  Sentry x2  
  61  6:11  Sentry x2  
  69  6:23  Assimilator  
  69  6:25  Assimilator  
  69  6:27  Observer (Chrono Boost)  
  70  6:34  Zealot x3  
  72  6:44  Stalker  
  74  6:51  Probe x2  
  74  6:55  Immortal  
  74  6:58  Pylon  
  74  7:03  Probe  
  74  7:04  Probe  
  76  7:16  Probe x2  
  76  7:17  Charge (Chrono Boost)  
  76  7:22  Forge  
  78  7:28  Probe (Chrono Boost)  
  78  7:29  Probe (Chrono Boost)  
  82  7:38  Probe x2 (Chrono Boost)  
  82  7:45  Probe x2  
  84  7:52  Pylon  
  84  7:55  Protoss Ground Weapons Level 1 (Chrono Boost)  
  84  8:08  Pylon  
  84  8:12  Zealot  
  84  8:13  Zealot x3  
  84  8:17  Gateway  
  92  8:31  Pylon  
  92  8:33  Zealot  
  92  8:34  Zealot x3  
  98  9:03  Probe x2  
  96  9:18  Robotics Bay  
  96  9:20  Pylon  
  96  9:22  Pylon  
  92  9:24  Pylon  
  92  9:31  Zealot x3  
  94  9:32  Zealot  
  94  9:33  Gateway  
  94  9:36  Probe x2, Gateway  
  102  9:50  Warp Prism  
  104  10:04  Stalker  
  104  10:05  Stalker x3  
  104  10:06  Stalker  
  117  10:34  Disruptor (Chrono Boost)  
  117  10:36  Nexus  
  117  10:38  Pylon, Zealot x4  
  117  10:41  Pylon  
  125  10:44  Probe x2  
  125  10:47  Disruptor  
  124  10:58  Stalker x2  
  124  10:59  Stalker x2  
  95  11:30  Zealot  
  95  11:31  Zealot x4  
  101  11:49  Stalker  
  101  11:50  Stalker  
  101  11:53  Protoss Ground Weapons Level 2  
  105  11:55  Blink  
  105  12:05  Probe x2  
  91  12:17  Probe x2  
  89  12:47  Stalker x4  
  89  12:48  Stalker x3  
  103  13:35  Stalker x4  
  103  13:36  Stalker x3  
  117  13:51  Probe x2  
  119  14:00  Nexus  
  119  14:13  Zealot x2  
  123  14:23  Pylon  
  123  14:25  Pylon  
Tags
 
Add a new tag
Caveats
  • Supply blocks, unpowered buildings, or Contaminate may cause inaccurate times.
  • Supply counts are checked every 10 seconds.